 Dungeon Crawl Stone Soup version 0.30-a0-1163-gf69bf04e7a (webtiles) character file.

Game seed: 2563109295059125133

481706 Esekla the Eclecticist (level 24, 0/222 HPs)
             Began as an Octopode Delver on Apr 26, 2023.
             Was an Initiate of Gozag.
             Killed by divine providence
             ... invoked by a deep elf high priest
              (11 damage)
             ... on level 5 of the Vaults on Apr 28, 2023.
             The game lasted 07:24:33 (71673 turns).

Esekla the Eclecticist (Octopode Delver)           Turns: 71673, Time: 07:24:33

Health: 0/222      AC: 44    Str: 10    XL:     24   Next: 87%
Magic:  40/40      EV: 20    Int: 26    God:    Gozag
Gold:   3033       SH: 19    Dex: 20    Spells: 11/58 levels left

rFire   + + +        a - +2 Maxwell's thermic engine {flame, freeze, rev}
rCold   + . .        i - +5 kite shield {rC+ rF+}
rNeg    + . .        T - +2 hat
rPois   ∞            u - amulet of magic regeneration
rElec   +            k - +4 ring of slaying
rCorr   .            q - +4 ring of protection
SInv    .            X - ring "Gekuez" {Wiz rF+}
Will    +....        D - +4 ring of protection
Stlth   +++++++      F - +4 ring of protection
HPRegen 0.57/turn    G - ring of Conversion {rPois Int+6}
MPRegen 0.67/turn    h - +4 ring of slaying
                     S - +4 ring of slaying

%: wizardry (x1)
@: statue-form, wereblooded, constricted, studying Long Blades, very slow
A: slow and powerful, torment resistance 1, boosted hp, almost no armour,
amphibious, 8 rings, camouflage 1, (gelatinous body 1), (nimble swimmer 1),
tentacles, agile 1, fire resistance 1, low MP 1, wild magic 2
}: 2/15 runes: decaying, serpentine
a: End Transformation, Renounce Religion, Potion Petition, Call Merchant, Bribe
Branch


You were on level 5 of the Vaults.
You worshipped Gozag.
Gozag was most pleased with you.
You were a living statue of rough stone.
You visited 10 branches of the dungeon, and saw 46 of its levels.
You visited the Abyss 3 times.
You also visited: Sewer.

You collected 25014 gold pieces.
You spent 7922 gold pieces at shops.
You paid 14059 gold pieces to Gozag.

Inventory:

Hand Weapons
 a - the +2 Maxwell's thermic engine (weapon) {flame, freeze, rev}
   (You bought it in a shop on level 8 of the Dungeon)
 r - the +0 spear "Xoaph" {heavy, rF+ rC++ Will+ Dex-3}
   (You found it on level 12 of the Dungeon)

   Dex:       It affects your dexterity (-3).
   rF:        It protects you from fire.
   rC:        It greatly protects you from cold.
   Will:      It increases your willpower.
 s - a +2 dagger of protection
 v - a +4 rapier of venom
 y - the +7 falchion of Giaqiyh {flame, rCorr}
   (You found it on level 3 of the Crypt)

   rCorr:     It protects you from acid and corrosion.
Missiles
 n - 36 poisoned darts
 L - 18 javelins
 M - 7 silver javelins
 O - 8 boomerangs (quivered)
Armour
 i - a +5 kite shield of resistance (worn)
 T - a +2 hat (worn)
Jewellery
 h - a +4 ring of slaying (on tentacle)
 k - a +4 ring of slaying (left tentacle)
 q - a +4 ring of protection (right tentacle)
 u - an amulet of magic regeneration (around mantle)
 w - the ring "Uvedogeeca" {rPois rF+ rC++ Str-5 Int+3 Dex-2}
   (You bought it in a shop on level 14 of the Dungeon)

   [ring of protection from fire]

   Str:       It affects your strength (-5).
   Int:       It affects your intelligence (+3).
   Dex:       It affects your dexterity (-2).
   rF:        It protects you from fire.
   rC:        It greatly protects you from cold.
   rPois:     It protects you from poison.
 z - a ring of see invisible
 D - a +4 ring of protection (on tentacle)
 F - a +4 ring of protection (on tentacle)
 G - the ring of Conversion (on tentacle) {rPois Int+6}
   (You bought it in a shop on level 1 of the Vaults)

   [ring of intelligence]

   Int:       It affects your intelligence (+6).
   rPois:     It protects you from poison.
 H - the ring of Xom's Fair Game {Ice rElec rCorr Int+3 Dex+3}
   (You bought it in a shop on level 5 of the Dungeon)

   [ring of ice]

   It enhances your ice magic.
   Int:       It affects your intelligence (+3).
   Dex:       It affects your dexterity (+3).
   rF:        It makes you vulnerable to fire.
   rC:        It protects you from cold.
   rElec:     It insulates you from electricity.
   rCorr:     It protects you from acid and corrosion.
 I - a +4 ring of protection
 R - the ring "Otampiota" {Ice Str+2 Int+3}
   (You found it on level 3 of the Elven Halls)

   [ring of ice]

   It enhances your ice magic.
   Str:       It affects your strength (+2).
   Int:       It affects your intelligence (+3).
   rF:        It makes you vulnerable to fire.
   rC:        It protects you from cold.
 S - a +4 ring of slaying (on tentacle)
 U - a +6 ring of intelligence
 X - the ring "Gekuez" (on tentacle) {Wiz rF+}
   (You found it on level 11 of the Dungeon)

   [ring of wizardry]

   It improves your spell success rate.
   rF:        It protects you from fire.
Wands
 f - a wand of digging (20)
 l - a wand of roots (47)
 x - a wand of mindburst (40)
 V - a wand of light (7)
 W - a wand of flame (81)
Scrolls
 b - 10 scrolls of fog
 c - 2 scrolls of brand weapon
 d - 9 scrolls of magic mapping
 m - 15 scrolls of teleportation
 t - a scroll of blinking
 J - a scroll of silence
 N - 7 scrolls of fear
 P - 11 scrolls of enchant weapon
Potions
 g - 12 potions of curing
 j - 12 potions of might
 o - 4 potions of magic
 p - 2 potions of berserk rage
 A - 8 potions of attraction
 B - 2 potions of invisibility
 C - 7 potions of brilliance
 E - a potion of resistance
 Q - 4 potions of flight
 Y - a potion of cancellation
 Z - 6 potions of haste
Miscellaneous
 K - a lightning rod (4/4)


   Skills:
 + Level 16.2 Fighting
 + Level 4.1(12.1) Short Blades
 + Level 17.4(17.6) Long Blades
 + Level 5.9 Throwing
 + Level 17.0 Dodging
 - Level 13.6 Stealth
 + Level 13.7 Shields
 * Level 17.9 Spellcasting
 + Level 4.1 Conjurations
 - Level 3.6 Summonings
 + Level 8.8 Necromancy
 + Level 5.5 Translocations
 + Level 8.8 Transmutations
 * Level 9.6 Ice Magic
 + Level 12.2 Air Magic
 + Level 10.7 Earth Magic
 + Level 1.0 Evocations


You had 11 spell levels left.
You knew the following spells:

 Your Spells              Type           Power      Damage    Failure   Level
a - Statue Form           Tmut/Erth      58%        N/A       11%         6
e - Arcjolt               Conj/Air       40%        1d50      4%          5
g - Ozocubu's Refrigerat  Ice            43%        4d17      41%         7
h - Vhi's Electric Charg  Tloc/Air       100%       N/A       1%          3
k - Airstrike             Air            47%        2d(7-23)  1%          4
l - Conjure Ball Lightni  Conj/Air       40%        3x3d13    19%         6
o - Scorch                Fire           74%        2d8       6%          2
p - Apportation           Tloc           100%       N/A       1%          1
r - Frozen Ramparts       Ice            100%       1d16      1%          3
s - Summon Lightning Spi  Summ/Air       80%        N/A       2%          4
u - Dispel Undead         Necr           84%        3d27      1%          4
w - Wereblood             Tmut           84%        N/A       1%          2

Your spell library contained the following spells:

 Spells                   Type           Power      Damage    Failure   Level
 Kiss of Death            Conj/Necr      100%       2d13      1%          1
 Necrotise                Necr           100%       1d9       1%          1
 Summon Small Mammal      Summ           100%       N/A       1%          1
 Cigotuvi's Dreadful Rot  Necr/Pois/Air  100%       N/A       1%          2
 Ensorcelled Hibernation  Hex/Ice        100%       N/A       1%          2
 Lesser Beckoning         Tloc           100%       N/A       1%          2
 Momentum Strike          Conj/Tloc      100%       3d10      1%          2
 Static Discharge         Conj/Air       100%       2-7/arc   1%          2
 Sublimation of Blood     Necr           84%        N/A       1%          2
 Gell's Gravitas          Tloc           70%        N/A       1%          3
 Ozocubu's Armour         Ice            87%        N/A       1%          3
 Teleport Other           Tloc           70%        N/A       1%          3
 Ice Form                 Ice/Tmut       85%        N/A       1%          4
 Spider Form              Tmut/Pois      65%        N/A       2%          3
 Borgnjor's Vile Clutch   Necr/Erth      43%        N/A       2%          5
 Lee's Rapid Deconstruct  Erth           45%        3d22*     2%          5
 Summon Ice Beast         Ice/Summ       75%        N/A       3%          4
 Portal Projectile        Hex/Tloc       100%       N/A       4%          3
 Leda's Liquefaction      Hex/Erth       35%        N/A       4%          4
 Passage of Golubria      Tloc           70%        N/A       4%          4
 Agony                    Necr           84%        N/A       4%          5
 Blade Hands              Tmut           42%        N/A       4%          5
 Anguish                  Hex/Necr       32%        N/A       7%          4
 Tukima's Dance           Hex            37%        N/A       12%         3
 Death Channel            Necr           42%        N/A       14%         6
 Flame Wave               Conj/Fire      53%        2d13      16%         4
 Alistair's Intoxication  Tmut/Pois      43%        N/A       16%         5
 Summon Forest            Summ/Tloc      33%        N/A       16%         5
 Yara's Violent Unravell  Hex/Tmut       32%        3d13      16%         5
 Iron Shot                Conj/Erth      39%        9d8       22%         6
 Cause Fear               Hex            18%        N/A       30%         4
 Plasma Beam              Fire/Air       36%        2x1d54    34%         6
 Dragon Form              Tmut           42%        N/A       52%         7
 Eringya's Noxious Bog    Tmut/Pois      32%        N/A       54%         6
 Summon Cactus Giant      Summ           30%        N/A       65%         6
 Haunt                    Necr/Summ      36%        N/A       83%         7
 Malign Gateway           Summ/Tloc      33%        N/A       96%         7
 Summon Hydra             Summ           30%        N/A       98%         7
 Infestation              Necr           42%        N/A       98%         8
 Enfeeble                 Hex            18%        N/A       100%        7
 Discord                  Hex            18%        N/A       100%        8
 Disjunction              Tloc           35%        N/A       100%        8
 Dragon's Call            Summ           30%        N/A       100%        9
 Animate Dead             Necr           Unusable   N/A       N/A         4
 Simulacrum               Ice/Necr       Unusable   N/A       N/A         6

Dungeon Overview and Level Annotations

Branches:
Dungeon (15/15)            Temple (1/1) D:6            Lair (5/5) D:8
  Swamp (4/4) Lair:2        Snake (4/4) Lair:3        Slime (0/5) Lair:4
    Orc (2/2) D:9             Elf (3/3) Orc:2        Vaults (5/5) D:14
  Crypt (3/3) Vaults:3       Tomb (0/3) Crypt:3      Depths (4/4) D:15
    Zot (0/5) Depths:4      Sewer (visited)

Altars:
Ashenzari
Cheibriados
Dithmenos
Elyvilon
Fedhas
Gozag
Hepliaklqana
Kikubaaqudgha
Makhleb
Nemelex Xobeh
Okawaru
Qazlal
Ru
Sif Muna
Trog
Uskayaw
Vehumet
Wu Jian
Xom
Yredelemnul
Zin
The Shining One
Jiyva

Shops:
D:1 =   D:4 [   D:5 =   D:8 (?(=(   D:9 ?(   D:10 !   D:14 (:=   D:15 (
Orc:2 !?=(*[[?   Vaults:1 =   Depths:1 *

Portals:
Hell: Depths:1 Depths:2 Depths:3 Depths:4
Abyss: Depths:2 Depths:3
Pandemonium: Depths:2
Ziggurat: Depths:3
Bazaar: Elf:2

Annotations:
D:5 1 runed translucent door, SirDiesAlot's ghost, novice FoGl
D:10 5 runed translucent doors, turdburglar's ghost, journeyman MiGl
Lair:2 1 runed translucent door, Orangeyouglad's ghost, journeyman HuMo
Elf:1 6 runed translucent doors
Depths:1 3 runed translucent doors, Chudface's ghost, adept FeSu; Dedet's ghost, veteran GrRe; Ducleet's ghost, veteran MfMo


Innate Abilities, Weirdness & Mutations

You are a living statue of rough stone.
Your actions are slow, but your melee attacks are powerful.
You are resistant to unholy torment.
Your maximum health is greatly increased.
You are immune to poison.
You cannot wear most types of armour.
You are amphibious.
You can wear up to eight rings at the same time.
Your skin changes colour to match your surroundings (Stealth+).
((Your rubbery body absorbs attacks. (AC +1, EV +1)))
((You are camouflaged when in or above water. (Stealth+)))
You have tentacles for arms and can constrict up to eight enemies at once.
You are agile. (Dex +4, Str/Int -1)
Your flesh is heat resistant. (rF+)
Your magical capacity is low. (-10% MP)
Your spells are harder to cast, but more powerful.


Message History

The tentacled monstrosity constricts you.
The snapping turtle bites you but does no damage.
A purple ugly thing comes into view.
The tentacled monstrosity tentacle-slaps you but does no damage. x2
The tentacled monstrosity misses you.
You hear a shout!
You hear a deafening roar!
You hear a shout!
You feel much better.
You howl as the wereblood boils in your veins!
The purple ugly thing gurgles horribly!
You hear a horrible gurgling sound!
The phantasmal warrior gestures at you.
The phantasmal warrior blinks!
You block the stone giant's attack.
The titan is empowered by the deep elf high priest's aura!
The sphinx is empowered by the deep elf high priest's aura!
The vault warden is empowered by the deep elf high priest's aura!
The vault guard misses you.
The tentacled monstrosity tentacle-slaps you.
* * * LOW HITPOINT WARNING * * *
The tentacled monstrosity tentacle-slaps you but does no damage. x2
The tentacled monstrosity completely misses you.
The tentacled monstrosity tentacle-slaps you but does no damage. x2
The tentacled monstrosity misses you.
You block the tentacled monstrosity's attack. x2
The tentacled monstrosity constricts you.
An ironbound convoker comes into view. It is wielding a +0 morningstar.
The snapping turtle bites you!
* * * LOW HITPOINT WARNING * * *
You block the tentacled monstrosity's attack.
The tentacled monstrosity misses you.
The tentacled monstrosity closely misses you.
The tentacled monstrosity tentacle-slaps you but does no damage.
The tentacled monstrosity completely misses you.
You block the tentacled monstrosity's attack.
The tentacled monstrosity constricts you.
You block the shadow dragon's attack.
The shadow dragon claws you but does no damage. x2
The vault guard barely misses you. The vault guard closely misses you.
The deep elf high priest mumbles some strange prayers to its god against you.
Something smites you!
You die...
Your body crumbles into a pile of gold.

#....# ... .
#....# ..# #.
#....# ..# ...
#....#..#
#.H.#....#..##.
.....WcTp......
###CTTXXt[.####
..9.cDC8Xu.....
....ppXpDc.....
....WpCe.H.....
....pupye......
###..§.p...####
pp.C..Z....
.pup#....#...
..su#....#p.##


You could see a shadow dragon, 4 tentacled monstrosities, an iron dragon, an
ironbound preserver (empowered), a titan (empowered), 2 very ugly things, 2
sphinxes, 3 stone giants, 3 vault wardens, 3 yaktaur captains, 5 vault guards, 2
ugly things, a deep elf sorcerer (fast, empowered, sheltered), a snapping turtle
shaped shifter, a flayed ghost (sheltered), 3 deep trolls, a war gargoyle, 2
vault sentinels, a deep elf high priest (brilliance aura), a phantasmal warrior
(strong), 2 ironbound convokers, an orb spider shaped shifter, a hornet
(sheltered) and an ettin simulacrum.

Vanquished Creatures
  2 juggernauts
  A royal mummy (Crypt:3)
  Sojobo (Crypt:1)
  Saint Roka (Depths:4)
  Jory (Crypt:1)
  A bone dragon (Crypt:3)
  3 golden dragons
  The ghost of iamoutofideas the Executioner, an adept HOBe of Makhleb (Elf:1)
  A tentacled monstrosity (Depths:2)
  3 walking earthen tomes
  Asterion (Snake:2)
  6 liches
  2 deep elf master archers (Elf:3)
  2 deep elf blademasters (Elf:3)
  A tentacled starspawn (Abyss:2)
  A sphinx (Depths:3)
  6 storm dragons
  7 ancient champions
  3 shadow dragons
  Kirke (Lair:3)
  Roxanne (Swamp:2)
  4 nagarajas
  4 tengu reavers
  4 revenants
  5 fire giants
  4 emperor scorpions (Depths:1)
  An iron dragon (Depths:3)
  Louise (Swamp:1)
  Aizul (Snake:1)
  6 deep elf sorcerers
  4 frost giants
  A ghost moth (Depths:1)
  2 orc warlords
  12 ghouls
  A shard shrike simulacrum (Crypt:3)
  10 vault wardens
  A war gargoyle (Vaults:4)
  4 curse skulls
  10 deep elf elementalists (Elf:3)
  2 spriggan defenders
  13 ironbound preservers
  9 ironbound thunderhulks
  10 stone giants
  A draconian stormcaller (Depths:4)
  A green draconian (Depths:4)
  A caustic shrike skeleton (Crypt:3)
  19 very ugly things
  A reaper (Crypt:2)
  5 vampire knights
  3 bunyips
  A black draconian (Depths:4)
  An eleionoma (Swamp:4)
  5 deep elf annihilators (Elf:3)
  7 dire elephants (Vaults:4)
  2 spark wasps (Depths:3)
  9 deep elf demonologists
  2 yellow draconians (Depths:4)
  A spark wasp (shapeshifter) (Depths:4)
  2 mummy priests
  4 eidola
  7 deep elf death magi
  7 ettins
  4 green deaths
  8 jiangshi
  A crystal guardian (Vaults:4)
  12 fire dragons
  20 hydras
  An entropy weaver (Abyss:1)
  2 great orbs of eyes
  A spriggan zombie (Crypt:3)
  Josephine (Snake:1)
  6 yaktaur captains
  A caustic shrike simulacrum (Depths:2)
  3 deep elf high priests (Elf:3)
  4 ice dragons
  8 salamander tyrants
  3 ogre magi
  3 rakshasas
  6 anacondas
  30 vault guards
  A peacekeeper (Vaults:4)
  6 centaur warriors
  Erolcha (D:11)
  2 catoblepae
  A merfolk avatar (Lair:5)
  2 spriggan air magi
  3 two-headed ogres
  4 alligators
  A merfolk aquamancer (Abyss:1)
  9 death yaks
  5 death knights
  6 boulder beetles
  2 deep troll earth magi
  24 dancing weapons
  23 naga warriors
  9 ironbound frosthearts
  4 vampire magi
  2 thrashing horrors (Abyss:3)
  3 spriggan berserkers
  4 tengu warriors
  15 naga sharpshooters
  2 emperor scorpion zombies
  5 orc high priests
  Urug (Orc:2)
  3 soul eaters
  6 spriggans
  20 deep elf knights
  Nergalle (Lair:2)
  9 salamander mystics
  A sun demon (Depths:2)
  5 shadow wraiths
  8 shock serpents
  36 skeletal warriors
  A golden dragon zombie (Depths:2)
  A sixfirhy (Depths:2)
  A glowing orange brain (Depths:1)
  2 skysharks
  7 spriggan druids
  42 deep trolls
  A goliath frog (Swamp:1)
  4 deep elf archers
  5 flayed ghosts
  A sea snake (Abyss:1)
  9 swamp dragons
  9 bog bodies
  4 steelbarb worms (Swamp:2)
  14 ironbound convokers
  13 naga ritualists
  12 wizards
  21 lindwurms
  11 phantasmal warriors
  5 necromancers
  A wolf spider zombie (D:15)
  6 orc knights
  40 ugly things
  5 mana vipers
  25 deep elf pyromancers
  3 wolf spiders
  9 harpies
  16 deep elf zephyrmancers
  8 orc sorcerers
  11 large abominations
  7 manticores
  5 cyclopes
  4 will-o-the-wisps
  20 salamanders
  An ice statue (D:10)
  A stone giant skeleton (Crypt:3)
  An elephant (shapeshifter) (Depths:2)
  A shock serpent zombie (Crypt:3)
  34 black mambas
  47 slime creatures
  A frost giant skeleton (Depths:2)
  2 dire elephant zombies
  20 elephants
  A torpor snail (Lair:4)
  An eleionoma skeleton (Crypt:2)
  A centaur zombie (D:15)
  33 naga magi
  A torpor snail (shapeshifter) (Vaults:5)
  15 vault sentinels
  5 guardian serpents
  2 rust devils (Depths:2)
  11 cane toads
  An orange demon (Depths:2)
  5 unseen horrors
  A dire elephant skeleton (Crypt:3)
  An orb spider zombie (Crypt:1)
  A hellion (Depths:2)
  9 rime drakes
  Maggie (D:7)
  2 centaur skeletons (D:15)
  3 gargoyles
  12 komodo dragons
  An unseen horror zombie (Crypt:3)
  13 freezing wraiths
  An iron troll zombie (Crypt:1)
  An efreet (Abyss:2)
  A golden dragon simulacrum (Depths:2)
  20 yaktaurs
  2 red devils (Depths:2)
  4 guardian mummies
  A green draconian skeleton (Crypt:1)
  3 tengu conjurers
  4 polar bears
  9 trolls
  2 queen bees (shapeshifter) (D:12)
  5 tarantellas (Depths:1)
  A bloated husk (Swamp:2)
  A merfolk (Abyss:1)
  17 tyrant leeches
  9 blink frogs
  A tengu simulacrum (Depths:2)
  7 hornets
  A death drake skeleton (Crypt:1)
  A harpy skeleton (Crypt:3)
  A raiju (shapeshifter) (D:14)
  Prince Ribbit (D:7)
  4 dream sheep (Lair:4)
  2 snapping turtles (Lair:5)
  4 jumping spiders
  A centaur simulacrum (D:15)
  An ice dragon skeleton (Crypt:3)
  An ettin skeleton (Crypt:2)
  A culicivora (shapeshifter) (Elf:1)
  A culicivora (Abyss:1)
  A naga simulacrum (Crypt:3)
  10 water elementals
  22 wraiths
  2 air elementals
  19 yaks
  7 wyverns
  2 ushabtiu (Crypt:3)
  2 basilisks
  Grum (D:8)
  6 hogs (Snake:1)
  A human (shapeshifter) (D:14)
  A fire elemental (Elf:2)
  15 humans (D:14)
  A golden eye (shapeshifter) (D:13)
  4 vampires
  3 steam dragons
  A neqoxec (Abyss:3)
  8 vampire mosquitoes
  4 chaos spawn
  2 redbacks
  24 swamp worms
  A warg (Orc:1)
  75 nagas
  A faun zombie (Crypt:3)
  17 water moccasins
  3 acid dragons
  Pargi (Sewer)
  33 orc warriors
  7 swamp drakes
  A dream sheep zombie (Crypt:3)
  A water nymph skeleton (Crypt:1)
  2 ice beasts
  A sky beast (Abyss:1)
  2 black bears
  8 ogres
  A manticore skeleton (Crypt:2)
  3 wolves (D:8)
  7 centaurs
  3 kobold brigands
  A draconian zombie (Crypt:2)
  7 bullfrogs
  3 necrophages
  2 scorpions
  6 earth elementals
  4 small abominations
  12 wights
  3 killer bees (D:9)
  6 howler monkeys
  2 electric eels
  17 orc priests
  4 hounds
  Crazy Yiuf (D:7)
  An iron imp (Abyss:2)
  2 jellies
  5 iguanas
  A basilisk zombie (Crypt:1)
  A black bear skeleton (Crypt:2)
  2 hell rats (Lair:4)
  A sleepcap (D:5)
  27 orc wizards
  A boggart skeleton (Crypt:1)
  An ice beast zombie (Crypt:1)
  A naga skeleton (Crypt:2)
  8 adders
  7 river rats (Lair:4)
  A shadow imp (D:8)
  3 white imps
  2 ufetubi
  A jelly zombie (Crypt:1)
  A lava snake skeleton (Crypt:3)
  3 worms
  A dart slug (D:5)
  82 orcs
  9 endoplasms
  6 giant cockroaches
  8 goblins
  6 hobgoblins
  7 jackals
  5 quokkas
  3 ball pythons
  4 bats
  A dart slug zombie (Crypt:2)
  8 frilled lizards
  A frilled lizard zombie (Crypt:1)
  A hobgoblin skeleton (Crypt:2)
  18 kobolds
  12 rats
1843 creatures vanquished.

Vanquished Creatures (collateral kills)
  2 humans (D:14)
  A naga (Snake:1)
3 creatures vanquished.

Vanquished Creatures (others)
  A tengu reaver (Crypt:1)
  A fire giant (Vaults:1)
  A very ugly thing (Depths:1)
  A vault sentinel (Vaults:4)
  A slime creature (Vaults:4)
  A human (Snake:1)
  A swamp worm (Swamp:2)
  4 orcs
  59 ball lightnings
  10 foxfires
  22 fungi
  78 plants
  2 starspawn tentacles (Abyss:2)
  5 withered plants
187 creatures vanquished.

Grand Total: 2033 creatures vanquished

Notes
Turn   | Place    | Note
-------+----------+-------------------------------------------
     0 | D:5      | Esekla the Octopode Delver began the quest for the Orb.
     0 | D:5      | Reached XP level 1. HP: 16/16 MP: 1/1
    50 | D:5      | Found Putiuledd's Jewellery Shoppe.
    59 | D:5      | Found a snail-covered altar of Cheibriados.
    76 | D:5      | Found a white marble altar of Elyvilon.
    77 | D:5      | Noticed a sleepcap
   109 | D:5      | Noticed an iguana
   113 | D:5      | Noticed a scorpion
   123 | D:5      | Found a runed translucent door.
   132 | D:5      | Noticed SirDiesAlot's ghost (novice FoGl)
   139 | D:5      | Found a broken altar of Ashenzari.
   152 | D:5      | Reached XP level 2. HP: 16/21 MP: 2/2
   161 | D:5      | Killed a scorpion
   162 | D:5      | Reached skill level 1 in Spellcasting
   162 | D:5      | Reached XP level 3. HP: 23/26 MP: 2/4
   162 | D:5      | Reached XP level 4. HP: 28/31 MP: 2/5
   545 | D:4      | Found Lotsujyu's Antique Armour Shop.
   554 | D:4      | Found a shadowy altar of Dithmenos.
   585 | D:4      | Reached XP level 5. HP: 32/36 MP: 6/6
  1147 | D:4      | Identified the +3 mace of Fifi {flame, rElec}
  1389 | D:6      | Found a staircase to the Ecumenical Temple.
  1401 | Temple   | Entered the Ecumenical Temple
  1406 | Temple   | Became a worshipper of Gozag Ym Sagoz the Greedy
  1448 | D:6      | Reached XP level 6. HP: 30/43 MP: 8/8
  1643 | D:6      | Noticed an ice beast
  2093 | D:3      | Found a glowing drain.
  2133 | Sewer    | Entered a sewer
  2190 | Sewer    | Noticed Pargi
  2240 | Sewer    | Killed Pargi
  2241 | Sewer    | Reached skill level 1 in Short Blades
  2480 | D:1      | Learned a level 2 spell: Wereblood
  2557 | D:1      | Found Seco's Jewellery Boutique.
  2571 | D:1      | Reached XP level 7. HP: 46/48 MP: 9/9
  2626 | D:1      | Found a faded altar of an unknown god.
  4777 | D:5      | Bought a +4 ring of protection for 432 gold pieces
  4845 | D:6      | Reached skill level 1 in Transmutations
  4848 | D:6      | Identified the +4 scale mail "Ytoimis Xios" {rN+ Str+4
                  | Int-3}
  4930 | D:6      | Reached XP level 8. HP: 54/54 MP: 11/11
  5013 | D:6      | Reached skill level 10 in Stealth
  5140 | D:6      | Reached skill level 5 in Long Blades
  5148 | D:6      | Noticed a wyvern
  5163 | D:6      | Killed a wyvern
  5391 | D:6      | Reached skill level 5 in Fighting
  5393 | D:6      | Reached XP level 9. HP: 59/61 MP: 13/13
  5454 | D:5      | Bought a +4 ring of protection for 432 gold pieces
  5865 | D:7      | Learned a level 4 spell: Airstrike
  5888 | D:7      | Noticed a hornet
  5920 | D:7      | Noticed a hornet
  5987 | D:7      | Noticed Maggie
  6314 | D:7      | Noticed Prince Ribbit
  6324 | D:7      | Killed Prince Ribbit
  6557 | D:7      | Reached skill level 5 in Dodging
  6557 | D:7      | Reached skill level 1 in Air Magic
  6768 | D:7      | Killed a hornet
  6825 | D:7      | Killed a hornet
  6903 | D:7      | Found a runed translucent door.
  6904 | D:7      | Noticed Crazy Yiuf
  7111 | D:8      | Noticed Grum
  7156 | D:8      | Killed Grum
  7157 | D:8      | Reached XP level 10. HP: 60/66 MP: 14/16
  7260 | D:8      | Noticed a two-headed ogre
  7299 | D:9      | Found a staircase to the Orcish Mines.
  7354 | D:9      | Reached skill level 5 in Spellcasting
  7711 | D:9      | Reached skill level 1 in Throwing
  8530 | D:8      | Found a staircase to the Lair.
  8661 | D:8      | Killed a two-headed ogre
  8901 | Lair:1   | Entered Level 1 of the Lair of Beasts
  9049 | Lair:1   | Noticed a cane toad
  9300 | Lair:1   | Killed a cane toad
  9610 | Lair:1   | Noticed a cane toad
  9658 | Lair:1   | Noticed a cane toad
  9677 | Lair:1   | Killed a cane toad
  9678 | Lair:1   | Reached XP level 11. HP: 35/73 MP: 3/19
 10120 | D:5      | Bought a +4 ring of slaying for 936 gold pieces
 10769 | Lair:2   | Noticed Nergalle
 10891 | Lair:2   | Killed Nergalle
 10935 | Lair:2   | Noticed a lindwurm
 10945 | Lair:2   | Killed a lindwurm
 10946 | Lair:2   | Reached skill level 10 in Long Blades
 10992 | Lair:2   | Found a staircase to the Swamp.
 11067 | Lair:2   | Found a runed translucent door.
 11073 | Lair:2   | Noticed Orangeyouglad's ghost (journeyman HuMo)
 11610 | Lair:3   | Reached skill level 5 in Air Magic
 11670 | Lair:3   | Noticed a seven-headed hydra
 11760 | Lair:3   | Noticed a seven-headed hydra
 11950 | Lair:3   | Reached XP level 12. HP: 70/81 MP: 12/22
 11962 | Lair:3   | Reached skill level 1 in Summonings
 12105 | Lair:3   | Found a staircase to the Snake Pit.
 12417 | Lair:3   | Noticed an eight-headed hydra
 12795 | D:7      | Killed Maggie
 12871 | D:7      | Killed Crazy Yiuf
 12919 | D:7      | Learned a level 4 spell: Summon Lightning Spire
 13027 | D:10     | Entered Level 10 of the Dungeon
 13050 | D:10     | Noticed an ogre mage
 13062 | D:10     | Killed an ogre mage
 13146 | D:10     | Noticed an ogre mage
 13159 | D:10     | Killed an ogre mage
 13322 | D:10     | Found a runed translucent door.
 13333 | D:10     | Found a runed translucent door.
 13410 | D:10     | Found a runed translucent door.
 13506 | D:10     | Noticed a two-headed ogre
 13520 | D:10     | Killed a two-headed ogre
 13551 | D:10     | Found Jysm's Distillery.
 13582 | D:10     | Found a runed translucent gate.
 13583 | D:10     | Found a runed translucent gate.
 13585 | D:10     | Noticed turdburglar's ghost (journeyman MiGl)
 13585 | D:10     | Noticed a great orb of eyes
 13586 | D:10     | Found a runed translucent gate.
 13588 | D:10     | Found a viscous altar of Jiyva.
 13649 | D:10     | Found a shimmering blue altar of Sif Muna.
 13649 | D:10     | Found an iron altar of Okawaru.
 13652 | D:10     | Found a runed translucent door.
 13662 | D:10     | Found a hide-covered altar of Uskayaw.
 13664 | D:10     | Found a sparkling altar of Nemelex Xobeh.
 13664 | D:10     | Found a glowing silver altar of Zin.
 13665 | D:10     | Found a glowing golden altar of the Shining One.
 13678 | D:10     | Found a radiant altar of Vehumet.
 14158 | D:11     | Identified the ring "Gekuez" {Wiz rF+}
 14159 | D:11     | Noticed Erolcha
 14162 | Abyss:1  | Cast into level 1 of the Abyss (Erolcha)
 14189 | Abyss:1  | Noticed a merfolk aquamancer
 14199 | Abyss:1  | Killed a merfolk aquamancer
 14200 | Abyss:1  | Noticed an entropy weaver
 14203 | Abyss:1  | Noticed a spriggan berserker
 14207 | Abyss:1  | Noticed a naga warrior
 14213 | Abyss:1  | Killed a spriggan berserker
 14219 | Abyss:1  | Killed an entropy weaver
 14226 | Abyss:1  | Killed a naga warrior
 14255 | Abyss:1  | Identified the +5 sling of Bankruptcy {heavy, Fly rCorr}
 14274 | Abyss:1  | Noticed a deep elf sorcerer
 14281 | Abyss:1  | Killed a deep elf sorcerer
 14282 | Abyss:1  | Reached XP level 13. HP: 56/88 MP: 14/24
 14445 | Abyss:2  | Noticed a tentacled starspawn
 14472 | D:11     | Escaped the Abyss
 14480 | D:11     | Killed Erolcha
 14911 | D:5      | Bought the ring of Xom's Fair Game {Ice rElec rCorr Int+3
                  | Dex+3} for 686 gold pieces
 14925 | D:5      | Learned a level 2 spell: Static Discharge
 16706 | D:12     | Learned a level 3 spell: Frozen Ramparts
 16920 | D:12     | Identified the +0 spear "Xoaph" {heavy, rF+ rC++ Will+
                  | Dex-3}
 17489 | Lair:3   | Reached skill level 1 in Ice Magic
 17492 | Lair:3   | Reached skill level 1 in Conjurations
 18260 | Lair:4   | Found a staircase to the Slime Pits.
 18261 | Lair:4   | Found a viscous altar of Jiyva.
 18544 | Lair:4   | Reached XP level 14. HP: 87/97 MP: 22/26
 19009 | Lair:4   | Reached skill level 1 in Evocations
 19533 | Orc:1    | Entered Level 1 of the Orcish Mines
 20328 | Orc:2    | Entered Level 2 of the Orcish Mines
 20583 | Orc:2    | Found Huggifod's Magic Scroll Shoppe.
 20591 | Orc:2    | Noticed Urug
 20630 | Orc:2    | Found Telodoj's Distillery.
 20649 | Orc:2    | Killed Urug
 20664 | Orc:2    | Bought a potion of invisibility for 96 gold pieces
 20664 | Orc:2    | Bought a potion of resistance for 120 gold pieces
 20888 | Orc:2    | Found Komale's Armour Shoppe.
 20889 | Orc:2    | Found a staircase to the Elven Halls.
 20985 | Orc:2    | Found Neahesku's Magic Scroll Shop.
 21092 | Orc:2    | Noticed an orc warlord
 21428 | Orc:2    | Killed an orc warlord
 21475 | Orc:2    | Paralysed by an orc sorcerer for 4 turns
 21556 | Orc:2    | Reached skill level 5 in Transmutations
 21791 | Orc:2    | Found Seaschyst's General Store.
 21792 | Orc:2    | Found Ysycief's Jewellery Shop.
 21793 | Orc:2    | Found Woxkeler's Antique Armour Boutique.
 21793 | Orc:2    | Found Saat's Antique Weapon Boutique.
 22018 | D:8      | Bought a glowing double sword for 648 gold pieces
 22127 | Orc:2    | Bought a glowing falchion for 156 gold pieces
 22136 | Orc:2    | Identified a scroll of acquirement
 22147 | Orc:2    | Bought a scroll of identify for 22 gold pieces
 22147 | Orc:2    | Bought a scroll of identify for 22 gold pieces
 22149 | Orc:2    | Acquired the +3 buckler "Gihast" {rCorr}
 22291 | D:10     | Reached skill level 1 in Shields
 22522 | D:13     | Reached skill level 10 in Fighting
 23584 | D:13     | Reached XP level 15. HP: 78/103 MP: 26/28
 24292 | Orc:2    | Bought a scroll of acquirement for 780 gold pieces
 24292 | Orc:2    | Acquired a +1 buckler of fire resistance
 25293 | D:14     | Reached skill level 10 in Spellcasting
 25487 | D:14     | Found a gate to the Vaults.
 26042 | D:14     | Reached skill level 10 in Dodging
 26530 | D:15     | Entered Level 15 of the Dungeon
 26774 | D:15     | Learned a level 4 spell: Dispel Undead
 26838 | D:15     | Found a staircase to the Depths.
 27178 | D:15     | Reached skill level 1 in Necromancy
 27525 | D:15     | Found a sacrificial altar of Ru.
 28120 | Lair:5   | Entered Level 5 of the Lair of Beasts
 28427 | Lair:5   | Reached XP level 16. HP: 46/114 MP: 28/30
 29300 | Lair:5   | Got the Anthology of the Geodesic
 29510 | Lair:5   | Learned a level 3 spell: Vhi's Electric Charge
 29602 | Lair:5   | Upgraded the game from 0.30-a0-1160-g6e42c06551 to
                  | 0.30-a0-1161-g0704695555
 29684 | Snake:1  | Entered Level 1 of the Snake Pit
 29942 | Snake:1  | Found an ornate altar of the Wu Jian Council.
 30111 | Snake:1  | Reached skill level 1 in Translocations
 30112 | Snake:1  | Noticed Kirke
 30231 | Lair:3   | Killed Kirke
 30670 | Snake:1  | Noticed Josephine
 31175 | Snake:1  | Noticed Aizul
 31319 | Snake:1  | Killed Aizul
 31528 | Snake:1  | Killed Josephine
 32719 | Snake:2  | Reached skill level 5 in Ice Magic
 33755 | Snake:2  | Noticed Asterion
 33770 | Snake:2  | Killed Asterion
 34173 | Snake:2  | Reached XP level 17. HP: 91/121 MP: 27/32
 34834 | D:8      | Bought the ring "Quray" {rPois Int+3} for 532 gold pieces
 35225 | Snake:3  | Reached skill level 5 in Shields
 35230 | Snake:3  | Reached skill level 5 in Throwing
 35252 | Snake:3  | Reached skill level 5 in Necromancy
 35963 | Snake:3  | Identified the ring "Heijig" {*Slow rElec rPois rF+ Will++}
 35964 | Snake:3  | Found a runed translucent door.
 36294 | Snake:3  | Identified the +0 scale mail of the Forest {Int+3 Dex+2}
 36330 | Snake:4  | Entered Level 4 of the Snake Pit
 37989 | Snake:4  | Reached XP level 18. HP: 129/129 MP: 30/34
 39121 | Snake:3  | HP: 6/129 [constriction (1)]
 41245 | Snake:4  | Got a serpentine rune of Zot
 41555 | D:8      | Bought the +2 Maxwell's thermic engine {flame, freeze, rev}
                  | for 572 gold pieces
 41555 | D:8      | Found the +2 Maxwell's thermic engine {flame, freeze, rev}
 41755 | Swamp:1  | Entered Level 1 of the Swamp
 41808 | Swamp:2  | Noticed Roxanne
 41854 | Swamp:1  | Noticed Louise
 41880 | Swamp:1  | Killed Louise
 42256 | Swamp:1  | Reached skill level 1 in Earth Magic
 42880 | Swamp:2  | Reached skill level 15 in Long Blades
 43285 | Swamp:2  | Killed Roxanne
 43987 | Swamp:4  | Entered Level 4 of the Swamp
 44525 | Swamp:4  | Reached XP level 19. HP: 119/136 MP: 32/36
 44704 | Swamp:4  | Got a decaying rune of Zot
 45005 | Swamp:4  | Identified the +5 ring mail of Ymemiuq {Will+ Regen+}
 45400 | Vaults:1 | Entered Level 1 of the Vaults
 45401 | Vaults:1 | Found Miusiaj's Jewellery Shoppe.
 45411 | Vaults:1 | Bought the ring of Conversion {rPois Int+6} for 849 gold
                  | pieces
 47420 | Vaults:2 | Reached skill level 5 in Earth Magic
 47582 | Vaults:2 | Reached XP level 20. HP: 113/144 MP: 35/38
 47879 | Vaults:2 | HP: 5/144 [titanic slime creature (77)]
 48384 | Vaults:2 | Upgraded the game from 0.30-a0-1161-g0704695555 to
                  | 0.30-a0-1163-gf69bf04e7a
 48452 | Vaults:3 | Learned a level 6 spell: Statue Form
 49963 | Vaults:3 | Reached skill level 10 in Shields
 50417 | Vaults:3 | Found a staircase to the Crypt.
 50417 | Vaults:3 | Found a basalt altar of Yredelemnul.
 50418 | Vaults:3 | Found an ancient bone altar of Kikubaaqudgha.
 50857 | Vaults:4 | Learned a level 6 spell: Conjure Ball Lightning
 51408 | Vaults:4 | Reached skill level 15 in Dodging
 51442 | Vaults:4 | Reached skill level 15 in Spellcasting
 51447 | Vaults:4 | Reached XP level 21. HP: 90/150 MP: 30/40
 52553 | Depths:1 | Entered Level 1 of the Depths
 52749 | Depths:1 | Reached skill level 15 in Fighting
 52849 | Depths:1 | Noticed a golden dragon
 52864 | Depths:1 | Killed a golden dragon
 53246 | Crypt:1  | Entered Level 1 of the Crypt
 53836 | Crypt:1  | Noticed Jory
 53849 | Crypt:1  | Killed Jory
 54467 | Crypt:1  | Noticed Sojobo
 54474 | Crypt:1  | Killed Sojobo
 55574 | Crypt:2  | HP: 7/151 [??? (5)]
 56257 | Orc:2    | Bought a potion of heal wounds for 60 gold pieces
 56357 | D:10     | Bought a potion of heal wounds for 65 gold pieces
 56498 | Orc:2    | Bought a +4 ring of slaying for 936 gold pieces
 57766 | Crypt:3  | Entered Level 3 of the Crypt
 57821 | Crypt:3  | Found a staircase to the Tomb.
 57877 | Crypt:3  | Reached XP level 22. HP: 157/157 MP: 35/41
 58259 | Crypt:3  | Reached skill level 10 in Air Magic
 58462 | Crypt:3  | Identified the +7 falchion of Giaqiyh {flame, rCorr}
 59814 | Crypt:3  | Noticed a royal mummy
 59821 | Crypt:3  | Killed a royal mummy
 60156 | Crypt:3  | Found a basalt altar of Yredelemnul.
 60158 | Crypt:3  | Found an ancient bone altar of Kikubaaqudgha.
 60173 | Crypt:3  | Identified the +1 falchion of Disaster {protect, Int+2}
 60199 | Crypt:3  | Got the Annotations on Blasphemous Words
 60201 | Crypt:3  | Got Zis Cuoze's Directory of Nauseating Debased Deeds
 60203 | Crypt:3  | Identified the ring "Yneocov" {rN+ Str+2}
 60203 | Crypt:3  | Identified the ring of Cukkah {rN+ Dex+2 Stlth+}
 60861 | Elf:1    | Entered Level 1 of the Elven Halls
 61339 | Elf:1    | Found a runed translucent gate.
 61339 | Elf:1    | Found a runed translucent gate.
 61339 | Elf:1    | Found a runed translucent gate.
 61339 | Elf:1    | Found a runed translucent gate.
 61345 | Elf:1    | Found a runed translucent gate.
 61345 | Elf:1    | Found a runed translucent gate.
 61400 | Elf:1    | Identified the +2 pair of gloves of Miracles {rN+}
 61430 | Elf:1    | Found a large runed translucent door.
 61431 | Elf:1    | Found a large runed translucent door.
 61434 | Elf:1    | Noticed iamoutofideas's ghost (adept HOBe)
 61644 | Elf:1    | Killed iamoutofideas's ghost
 61784 | Elf:1    | Identified the staff of earth "Kuch" {Drain rElec rCorr}
 61915 | Elf:2    | Found a runed translucent gate.
 61915 | Elf:2    | Found a runed translucent gate.
 61920 | Elf:2    | Found a runed translucent gate.
 61974 | Elf:2    | Found a gateway to a bazaar.
 62340 | Elf:2    | Reached skill level 5 in Translocations
 62923 | Elf:3    | Entered Level 3 of the Elven Halls
 62951 | Elf:3    | Reached XP level 23. HP: 163/163 MP: 43/43
 63022 | Elf:3    | Gained mutation: You occasionally lose the ability to read
                  | scrolls when taking damage. [a cacodemon]
 63025 | Elf:3    | Gained mutation: You occasionally lose the ability to drink
                  | potions when taking damage. [a cacodemon]
 63501 | Elf:3    | Identified the +0 war axe of Ruination {heavy, *Corrode
                  | rElec rC++ MP+9}
 63544 | Elf:3    | Got the Compilation of the Trees
 63625 | Abyss:2  | Cast into level 2 of the Abyss (a deep elf sorcerer)
 63659 | Abyss:2  | Found a corrupted altar of Lugonu.
 63665 | Abyss:2  | Found a corrupted altar of Lugonu.
 63665 | Abyss:2  | Found a corrupted altar of Lugonu.
 63734 | Elf:3    | Escaped the Abyss
 63754 | Elf:3    | Reached skill level 10 in Earth Magic
 63810 | Elf:3    | Learned a level 1 spell: Apportation
 63843 | Elf:3    | Identified the ring "Otampiota" {Ice Str+2 Int+3}
 64214 | Snake:1  | Learned a level 5 spell: Arcjolt
 64604 | Elf:3    | Identified the staff of death "Goriyvoesh" {Fly rN+}
 64712 | Elf:3    | Paralysed by an air elemental for 1 turns
 64717 | Elf:3    | Paralysed by an air elemental for 1 turns
 65203 | Depths:1 | Learned a level 2 spell: Scorch
 65307 | Depths:1 | Identified the +4 quarterstaff "Vuank" {speed, rF+ Will+}
 65362 | Depths:1 | Found a runed translucent gate.
 65362 | Depths:1 | Found a runed translucent gate.
 65362 | Depths:1 | Found a runed translucent gate.
 65491 | Depths:1 | Found Qabalo's CLEARANCE SALE!.
 65497 | Depths:1 | Bought a potion of heal wounds for 35 gold pieces
 65699 | Depths:1 | Found a shimmering blue altar of Sif Muna.
 65753 | Depths:1 | Found a gateway to Hell.
 65828 | Depths:1 | Noticed Ducleet's ghost (veteran MfMo)
 65828 | Depths:1 | Noticed Dedet's ghost (veteran GrRe)
 65830 | Depths:1 | Noticed Chudface's ghost (adept FeSu)
 65866 | Depths:1 | Learned a level 7 spell: Ozocubu's Refrigeration
 66004 | Depths:2 | Found an opulent altar of Gozag.
 66080 | Depths:2 | Identified the +5 spear "Ypae" {spect, Fragile Fly rF+++
                  | SInv}
 66135 | Depths:2 | Noticed a juggernaut
 66148 | Depths:2 | Killed a juggernaut
 66185 | Depths:2 | Identified the +1 robe of Grim Lucidity {Fly rN+ Str+3}
 66192 | Depths:2 | Identified the staff of air "Cysemeg" {rElec rPois rN+}
 66420 | Depths:2 | Found a one-way gate leading to the halls of Pandemonium.
 66618 | Depths:2 | Found a one-way gate to the infinite horrors of the Abyss.
 66836 | Depths:2 | Reached XP level 24. HP: 171/171 MP: 42/44
 66870 | Depths:2 | Found the +3 salamander hide armour {Flames, rFlCloud rF++
                  | rC--}
 67061 | Vaults:1 | Lost mutation: You occasionally lose the ability to drink
                  | potions when taking damage. [potion of mutation]
 67061 | Vaults:1 | Lost mutation: You occasionally lose the ability to read
                  | scrolls when taking damage. [potion of mutation]
 67061 | Vaults:1 | Gained mutation: Your magical capacity is low. (-10% MP)
                  | [potion of mutation]
 67061 | Vaults:1 | Gained mutation: Your spells are a little easier to cast,
                  | but a little less powerful. [potion of mutation]
 67215 | Crypt:1  | Lost mutation: Your magical capacity is low. (-10% MP)
                  | [potion of mutation]
 67215 | Crypt:1  | Lost mutation: Your spells are a little easier to cast, but
                  | a little less powerful. [potion of mutation]
 67215 | Crypt:1  | Gained mutation: Your magical capacity is low. (-10% MP)
                  | [potion of mutation]
 67215 | Crypt:1  | Gained mutation: Your flesh is heat resistant. (rF+)
                  | [potion of mutation]
 67215 | Crypt:1  | Gained mutation: Your spells are a little harder to cast,
                  | but a little more powerful. [potion of mutation]
 67215 | Crypt:1  | Gained mutation: Your spells are harder to cast, but more
                  | powerful. [potion of mutation]
 67637 | D:14     | Bought the ring "Uvedogeeca" {rPois rF+ rC++ Str-5 Int+3
                  | Dex-2} for 543 gold pieces
 68983 | Depths:3 | Noticed a juggernaut
 69261 | Depths:3 | Killed a juggernaut
 69520 | Depths:3 | Found a one-way gateway to a ziggurat.
 69873 | Depths:4 | Entered Level 4 of the Depths
 70103 | Depths:4 | Noticed Saint Roka
 70110 | Depths:4 | Killed Saint Roka
 70332 | Depths:4 | Found a hazy altar of Hepliaklqana.
 70449 | Depths:4 | Found a gate to the Realm of Zot.
 70892 | Vaults:5 | Entered Level 5 of the Vaults
 71414 | Abyss:2  | Found a corrupted altar of Lugonu.
 71414 | Abyss:2  | Cast into level 2 of the Abyss (a deep elf sorcerer)
 71417 | Abyss:2  | Found a corrupted altar of Lugonu.
 71526 | Abyss:2  | Found a corrupted altar of Lugonu.
 71645 | Abyss:3  | Gained mutation: You are agile. (Dex +4, Str/Int -1) [a
                  | neqoxec]
 71661 | Vaults:5 | Escaped the Abyss
 71663 | Vaults:5 | Paralysed by something for 4 turns
 71667 | Vaults:5 | Identified the ring "Naepruoc" {Wiz *Corrode rN++ Will-
                  | Str+9}
 71669 | Vaults:5 | Identified the ring of the Hungering Fool {rPois rC- Dex+5}
 71672 | Vaults:5 | HP: 10/222 [vault guard/+0 battleaxe (18)]
 71673 | Vaults:5 | Killed from afar by a deep elf high priest

Illustrated notes

Levels and vault maps discovered:
D:1:      roderic_crop_circles_arrival_large, layout_basic, serial_shops,
          nicolae_shop_gaudy_bauble, basic_ecumenical_altar, due_unseen_surprise
D:2:      layout_loops_ring
D:3:      minmay_razor_zed, layout_loops_ring, gup_sewer_entry_pipe,
          hangedman_abyss_or_decor_stabs, minmay_fractal_squares_5
D:4:      minmay_spotlight, layout_basic, nicolae_dithmenos_the_darkroom,
          nicolae_stop_n_shop_2
D:5:      layout_basic, kennysheep_slug_shrine, nicolae_elyvilon_peaceful_grove,
          nicolae_ashenzari_skybound, serial_shops,
          nicolae_shop_just_a_little_nook, hellmonk_ghost_happy_afterlife
D:6:      layout_basic, minmay_temple_entry_overgrown, hex_intersection
D:7:      layout_layer_cave, uniq_crazy_yiuf_cottage, uniq_maggie,
          uniq_prince_ribbit1
D:8:      layout_cave_pods, lair_entry_dummy, uniq_grum
D:9:      layout_basic, orc_0_dummy, minmay_between
D:10:     minmay_opposing_rooms, layout_rooms, grunt_temple_overflow_open,
          vehumet_altar_wand_db, serial_shops, nicolae_shop_crystal,
          gammafunk_ghost_ooze, minmay_statue_crystal_thing
D:11:     layout_roguey, uniq_erolcha
D:12:     layout_roguey, minmay_the_grid_2x2 [minmay_the_grid_minigrid_large,
          minmay_the_grid_garden, minmay_the_grid_box_x,
          minmay_the_grid_prize_inner_circle]
D:13:     minmay_s_stair_smasher, layout_loops_cross
D:14:     layout_stronghold, grunt_vaults_entry_tiered, serial_bayou_lagoon_a
D:15:     grunt_enter_depths_magical_seal, layout_long_grid,
          nicolae_ru_sacrificial_ziggurat, amethyst_killhole
Temple:   minmay_freezing_vapour_temple
Lair:1:   layout_cave_pods
Lair:2:   layout_gridlike, minmay_swamp_entry_swarm,
          ebering_ghost_reflecting_pool, lemuel_fruit_tree, uniq_nergalle
Lair:3:   layout_small_grid, guppyfry_snake_entry_garden
Lair:4:   layout_cave_shapes, slime_entry_1, kennysheep_abandoned_house,
          infiniplex_staircase_pool_2
Lair:5:   gammafunk_lair_ancient_temple, layout_regular_city, patterned_corridor
Swamp:1:  layout_falls_marsh, nicolae_swamp_round_clearing, hangedman_swamp_pad,
          swamp_pool1, nicolae_swamp_stuck_in_the_mud,
          infiniplex_staircase_pool, uniq_louise
Swamp:2:  layout_basic_swamp, evilmike_swamp_ruin_house_4, swamp_pool3,
          nicolae_swamp_vermiculated, uniq_roxanne
Swamp:3:  layout_falls_marsh, nicolae_swamp_some_circles
Swamp:4:  swamp_alternative, layout_basic_swamp
Snake:1:  layout_concentric_octagons, basic_altar, uniq_josephine, uniq_aizul,
          uniq_kirke
Snake:2:  layout_chambers, uniq_asterion
Snake:3:  cheibrodos_toxic_ritual, layout_onion
Snake:4:  snake_pit, layout_cave_town, nicolae_snake_storage_room
Orc:1:    layout_diamond_mine
Orc:2:    st_orc_congregation, layout_caves, basic_altar, serial_shops,
          nicolae_shop_tiny_waterfront, shop, nicolae_shop_industrial_runoff,
          shop, rock_pile, uniq_urug
Elf:1:    layout_gridlike, ebering_ghost_disaster_area, orc_legates,
          nicolae_elf_big_sculpture_1, lemuel_flame_loot_1
Elf:2:    elven_hall_of_blades_hangedman_original
          [nicolae_vaults_blade_armed_guards], layout_loops_cross, serial_shops,
          bzr_in_the_mist
Elf:3:    grunt_elf_hall_branching, layout_loops_ring
Vaults:1: nicolae_vaults_security_offices_1, nicolae_vaults_little_squares_6,
          grunt_vaults_swirl, v_rooms_2, nicolae_vaults_network_barrier,
          vaults_mumra_lcd, nicolae_vaults_twisting_passages,
          nicolae_vaults_more_shelving_1, nicolae_vaults_diagonal_hallway_9,
          hangedman_vaults_restitches, nicolae_vaults_house_2,
          ontoclasm_vaults_ring_square, nicolae_vaults_offset_grid_hallway_4,
          layout_vaults_maze_bifur, serial_shops, shop_statue
Vaults:2: grunt_vaults_focal, nicolae_vaults_offset_grid_hallway_4,
          nicolae_vaults_house_2, v_misc_27, nicolae_vaults_ellipses_ellipsis,
          nicolae_vaults_house_3, nicolae_vaults_offset_grid_hallway_2,
          nicolae_vaults_spaceships, nicolae_vaults_double_plus_1,
          nicolae_vaults_hallways_thing, ontoclasm_vaults_misaligned,
          vaults_room_door_hall, layout_vaults_omnibox
Vaults:3: minmay_crypt_entry_necro_gods, hangedman_vaults_corner_blocks,
          nicolae_vaults_security_offices_5, nicolae_vaults_three_branches,
          hangedman_vaults_cutoff, v_misc_17, nicolae_vaults_diamond_1,
          layout_vaults_omnigrid
Vaults:4: nicolae_vaults_yaktaur_gun_rack, vaults_mumra_hexcomb,
          ontoclasm_vaults_echo, nicolae_vaults_door_testing_chamber,
          nicolae_vaults_tangram_1, v_misc_27, ontoclasm_vaults_gateway,
          nicolae_vaults_storage_closets_3, v_misc_2, vaults_room_hallway,
          nicolae_vaults_double_plus_1, layout_vaults_omnicross
Vaults:5: uniq_xtahua
Crypt:1:  layout_misc_corridors, grunt_megastairs_3, uniq_sojobo, uniq_jory
Crypt:2:  layout_chaotic_city
Crypt:3:  lightli_unholy_cathedral, layout_chaotic_city,
          tomb_entry_forgotten_bobbens, minivault_4
Depths:1: cheibrodos_poisonous_passages, layout_cave_shapes,
          gammafunk_ghost_cemetery, lemuel_blue_sif_altar, hell_entry,
          chequers_big_river, nicolae_shop_clearance
Depths:2: minmay_stepped, layout_gridlike, minmay_room_of_horrors,
          grunt_pan_entry_zigzag, hell_entry,
          nicolae_gozag_cash_rules_everything_around_me, kennysheep_path_1,
          hellmonk_guarded_unrand_salamander
Depths:3: minmay_textured_paths, layout_cave_pools, enter_ziggurat_d,
          pf_vacation_house_of_asmodeus, hangedman_abyss_entry_splay,
          hangedman_abyss_or_decor_passed
Depths:4: evilmike_zot_entry_basic, layout_cave_pools, hell_entry,
          minmay_misc_feat_roman, nicolae_hepliaklqana_hazy_memory,
          uniq_saint_roka, uniq_josephina

Skill      XL: |  1  2  3  4  5  6  7  8  9 10 11 12 13 14 15 16 17 18 19 20 21 22 23 24 |
---------------+-------------------------------------------------------------------------+-----
Stealth        | 7 8 9 10 11 12 13 | 13.6
Spellcasting   | 1 2 3 4 5 6 7 8 9 10 11 12 13 14 15 16 17 | 17.9
Long Blades    | 3 4 6 7 9 10 12 13 14 15 16 17 | 17.4
Dodging        | 3 4 5 6 7 8 9 10 11 12 13 14 15 16 17 | 17.0
Fighting       | 4 5 6 7 8 9 10 11 12 13 14 15 16 | 16.2
Short Blades   | 1 2 3 4 |  4.1
Transmutations | 1 2 4 5 6 7 8 |  8.8
Air Magic      | 1 3 5 7 8 9 10 11 12 | 12.2
Throwing       | 1 2 3 4 5 |  5.9
Summonings     | 3 |  3.6
Ice Magic      | 1 4 5 6 7 8 9 |  9.6
Conjurations   | 2 3 4 |  4.1
Evocations     | 1 |  1.0
Shields        | 1 3 4 7 9 10 11 12 13 | 13.7
Necromancy     | 2 4 5 6 8 |  8.8
Translocations | 3 4 5 |  5.5
Earth Magic    | 2 5 7 8 9 10 | 10.7

Action                     |  1- 3 |  4- 6 |  7- 9 | 10-12 | 13-15 | 16-18 | 19-21 | 22-24 || total
---------------------------+-------+-------+-------+-------+-------+-------+-------+-------++-------
  Melee: Falchion          |    12 |    51 |    57 |       |    22 |       |       |       ||   142
         Constrict         |     3 |    15 |    39 |    23 |   105 |   102 |   131 |   139 ||   557
         Tentacles         |     1 |    12 |    36 |    58 |   242 |   304 |   284 |   268 ||  1205
         Punch             |       |     3 |     4 |     5 |    12 |    15 |    29 |    15 ||    83
         Dagger            |       |    38 |    43 |    30 |    64 |    32 |    56 |    47 ||   310
         Scimitar          |       |       |    69 |   225 |   702 |   717 |       |       ||  1713
         Rapier            |       |       |       |       |    24 |     5 |     3 |       ||    32
         Double sword      |       |       |       |       |     5 |   257 |   851 |   773 ||  1886
  Throw: Dart              |       |       |     4 |    41 |    30 |    13 |     6 |       ||    94
         Boomerang         |       |       |       |     2 |    45 |   108 |    18 |     8 ||   181
         Javelin           |       |       |       |       |     8 |       |       |       ||     8
   Cast: Wereblood         |       |       |     3 |    14 |    40 |    58 |    47 |    47 ||   209
         Airstrike         |       |       |     6 |    22 |    26 |       |     5 |     4 ||    63
         Frozen Ramparts   |       |       |       |       |     9 |    74 |    38 |    18 ||   139
         Summon Lightning  |       |       |       |       |     1 |     2 |       |       ||     3
         Vhi's Electric Ch |       |       |       |       |       |    40 |    38 |    71 ||   149
         Dispel Undead     |       |       |       |       |       |     6 |     3 |    11 ||    20
         Static Discharge  |       |       |       |       |       |     1 |       |       ||     1
         Statue Form       |       |       |       |       |       |       |    14 |    54 ||    68
         Conjure Ball Ligh |       |       |       |       |       |       |       |    22 ||    22
         Apportation       |       |       |       |       |       |       |       |     4 ||     4
 Invoke: Call Merchant     |       |       |       |       |     3 |     2 |     1 |     5 ||    11
  Evoke: Wand              |       |       |     1 |     3 |    11 |       |     1 |       ||    16
         Lightning rod     |       |       |       |       |     2 |     4 |       |       ||     6
    Use: Scroll            |     2 |     6 |     3 |     9 |    15 |    11 |     6 |     4 ||    56
         Potion            |       |       |     1 |     9 |     6 |    16 |     4 |    10 ||    46
   Stab: Sleeping          |     1 |    36 |    27 |    27 |    40 |    24 |    48 |    23 ||   226
         Distracted        |       |       |     1 |     3 |     8 |    10 |     7 |     7 ||    36
         Confused          |       |       |       |     3 |       |       |     1 |       ||     4
         Invisible         |       |       |       |       |     2 |       |     1 |       ||     3
 Armour: Skin              |     1 |    14 |    32 |    73 |   268 |   243 |   338 |   829 ||  1798
  Dodge: Dodged            |    10 |    25 |    86 |   172 |   510 |   566 |   573 |   794 ||  2736
  Block: Buckler           |       |       |       |       |   122 |   119 |       |       ||   241
         Kite shield       |       |       |       |       |       |   503 |   783 |  1010 ||  2296

Table legend: (Time is in decaauts)
 A = Elapsed time spent in this place.
 B = Non-inter-level travel time spent in this place.
 C = Inter-level travel time spent in this place.
 D = Time resting spent in this place.
 E = Time spent auto-exploring this place.
 F = Levels seen in this place.
 G = Mean time per level.
                   A        B        C        D        E       F      G
               +--------+--------+--------+--------+--------+-----+--------+
         Total |  72734 |  63683 |   9051 |  19713 |  14774 |  52 | 1398.7 |
       Dungeon |  21368 |  17139 |   4229 |   3206 |   4711 |  15 | 1424.5 |
        Temple |     11 |     11 |      0 |      0 |      0 |   1 |   11.0 |
          Lair |   8371 |   7071 |   1300 |   2262 |   1853 |   5 | 1674.2 |
         Swamp |   3318 |   3173 |    145 |    591 |   1267 |   4 |  829.5 |
     Snake Pit |  11111 |  10874 |    237 |   5910 |   1173 |   4 | 2777.8 |
  Orcish Mines |   3065 |   2242 |    823 |    695 |    343 |   2 | 1532.5 |
   Elven Halls |   3667 |   3366 |    301 |    642 |   1096 |   3 | 1222.3 |
        Vaults |   8812 |   7435 |   1377 |   2252 |   1814 |   5 | 1762.4 |
         Crypt |   6834 |   6379 |    455 |   2750 |    961 |   3 | 2278.0 |
        Depths |   5346 |   5166 |    180 |   1045 |   1555 |   4 | 1336.5 |
         Abyss |    709 |    709 |      0 |    356 |      0 |   5 |  141.8 |
         Sewer |    118 |    118 |      0 |      0 |      0 |   1 |  118.0 |
               +--------+--------+--------+--------+--------+-----+--------+

Top non-repeatable levels by time:
 Snake:3: 3311 daAuts
 Snake:2: 2933 daAuts
    D:14: 2798 daAuts
 Snake:4: 2748 daAuts
 Crypt:2: 2665 daAuts
Vaults:3: 2664 daAuts
 Crypt:1: 2502 daAuts
  Lair:3: 2279 daAuts
   Orc:2: 2122 daAuts
 Snake:1: 2117 daAuts
Vaults:2: 2093 daAuts
Vaults:1: 2043 daAuts
Vaults:4: 1960 daAuts
  Lair:1: 1932 daAuts
    D:12: 1907 daAuts
